 Dungeon Crawl Stone Soup version 0.23-a0-241-g3b46b07 (webtiles) character file.

1231 PurpleRed the Ruffian (level 8, -3/66 HPs)
             Began as an Octopode Wanderer on Sept 26, 2018.
             Killed from afar by an orc wizard (6 damage)
             ... with a magic dart
             ... on level 5 of the Dungeon.
             The game lasted 00:18:44 (6073 turns).

PurpleRed the Ruffian (Octopode Wanderer)           Turns: 6073, Time: 00:18:45

Health: -3/66      AC:  5    Str: 14    XL:     8   Next: 48%
Magic:  9/12       EV:  9    Int: 14    God:
Gold:   101        SH:  0    Dex: 11    Spells: 6/13 levels left

rFire    x . .     SeeInvis .     - Unarmed
rCold    + + +     Gourm    .   (shield currently unavailable)
rNeg     . . .     Faith    .   (helmet currently unavailable)
rPois    +         Spirit   .   (no amulet)
rElec    .         Reflect  .   (no ring)
rCorr    .         Harm     .   (no ring)
MR       .....                  (no ring)
Stlth    +.........             (no ring)
HPRegen  0.21/turn              (no ring)
MPRegen  0.13/turn              (no ring)
                                (no ring)
                                (no ring)

@: confused, ice-form
A: large, almost no armour, stealthy swim, amphibious, 8 rings, (constrict 8)
a: End Transformation


You were on level 5 of the Dungeon.
You were hungry.
You were a creature of crystalline ice.
You visited 1 branch of the dungeon, and saw 5 of its levels.

You collected 308 gold pieces.
You spent 207 gold pieces at shops.

Inventory:

Hand Weapons
 a - a +2 hand axe (melded)
 g - a +1 dagger
 p - a +0 shortbow
Missiles
 l - 2 poisoned tomahawks (quivered)
 m - 60 arrows
 o - 38 bolts
Scrolls
 e - 4 scrolls of remove curse
 f - 2 scrolls of identify
 h - 2 scrolls of blinking
 j - a scroll of immolation
 k - 3 scrolls of teleportation
Potions
 b - a potion of curing
 i - a potion of brilliance
 n - 3 potions of might
 q - a potion of heal wounds
 r - 2 potions of resistance
Comestibles
 d - 11 rations


   Skills:
 - Level 5.0 Fighting
 - Level 3.0 Axes
 - Level 4.2 Stealth
   Level 1.0 Shields
 + Level 5.9 Unarmed Combat
 - Level 3.0 Spellcasting
 - Level 5.0 Transmutations
 - Level 3.0 Ice Magic
   Level 1.1 Evocations


You had 6 spell levels left.
You knew the following spells:

 Your Spells              Type           Power        Failure   Level  Hunger
a - Beastly Appendage     Tmut           ###...       2%          1    #......
b - Sticks to Snakes      Tmut           ###.....     4%          2    ##.....
c - Ice Form              Ice/Tmut       ##......     38%         4    #####..

Your spell library contained the following spells:

 Spells                   Type           Power        Failure   Level  Hunger
 Spider Form              Tmut/Pois      #.........   22%         3    ###....
 Poisonous Vapours        Pois/Air       #.....       32%         2    ##.....
 Conjure Flame            Conj/Fire      #.......     54%         3    ###....
 Mephitic Cloud           Conj/Pois/Air  #.......     54%         3    ###....
 Blade Hands              Tmut           ###.......   58%         5    ######.
 Freezing Cloud           Conj/Ice/Air   #.........   100%        6    #######
 Ring of Flames           Chrm/Fire      #.........   100%        7    #######


Dungeon Overview and Level Annotations

Branches:
Dungeon (5/15)
 Temple: D:4-7

Altars:
Sif Muna

Shops:
D:4 *

Annotations:
D:3 Blork the orc
D:4 3 runed doors, BigBall's ghost, amateur OpTm
D:5 4 runed doors


Innate Abilities, Weirdness & Mutations

You cannot wear most types of armour.
You are very stealthy in the water. (Stealth+)
You are amphibious.
You can wear up to eight rings at the same time.
((You can use your tentacles to constrict eight enemies at once.))
((Your skin changes colour to match your surroundings (Stealth+).))
((Your rubbery body absorbs attacks. (AC +1, EV +1)))


Message History

* * * LOW HITPOINT WARNING * * *
Something hits you but does no damage.
You closely miss the orc. The orc hits you with a dagger.
* * * LOW HITPOINT WARNING * * *
You hear some strange, mumbled words.
You are confused.
You bump into the rock wall.
The orc hits you but does no damage. Something hits you.
* * * LOW HITPOINT WARNING * * *
You bump into the stone wall.
The orc hits you with a dagger.
* * * LOW HITPOINT WARNING * * *
Something hits you.
* * * LOW HITPOINT WARNING * * *
You bump into the stone wall.
The orc barely misses you. Something hits you but does no damage.
You punch the orc! You freeze the orc.
You kill the orc!
A magic dart appears from out of thin air!
The magic dart hits you!
You die...

..###.####..####.##....##..#..###
.........#....##.#.####.#......##
.......ZZ#..#....#...#.##........
........{#..#.##.#.#.##.'.##++##.
..###.##.#†......#.##.##### ##
..# #....)..#.##.##!#.[# # .<#
####.#..#.##..###### # ..###
#......##))###### # ....#
###..####Y##....# # ..#.#
#.......#..####### ## ..#.#
##.####.#.##.#.'.##++##. ###.#
#......#.#.#..#........ ###.###
#......#[####.#.####.##
......#####.##...##....##.# #..#
#.#<#.##.##)###...######..###.##
#..#..##..#.####.........###..#
..####..##...................##


There were no monsters in sight!

Vanquished Creatures
  Sigmund (D:2)
  A phantom (D:3)
  A sky beast (D:4)
  A centaur (D:5)
  2 ogres
  A scorpion (D:5)
  A howler monkey (D:5)
  A crimson imp (D:5)
  An orc priest (D:4)
  A centaur zombie (D:4)
  3 hounds
  2 bullfrog skeletons (D:4)
  3 worker ants
  3 orc wizards
  Terence (D:2)
  2 hound skeletons
  3 adders
  A shadow imp (D:5)
  3 oozes
  A dart slug (D:2)
  15 orcs
  6 bats
  6 giant cockroaches
  4 goblins
  4 hobgoblins
  4 jackals
  2 quokkas
  A ball python (D:3)
  3 frilled lizards
  2 jackal skeletons
  12 kobolds
  8 rats
100 creatures vanquished.

Notes
Turn   | Place    | Note
-------+----------+-------------------------------------------
     0 | D:1      | PurpleRed the Octopode Wanderer began the quest for the
                  | Orb.
     0 | D:1      | PurpleRed set off with: a +2 hand axe, a potion of curing,
                  | a potion of lignification, a ration
     0 | D:1      | Reached XP level 1. HP: 18/18 MP: 1/1
    72 | D:1      | Reached skill level 1 in Stealth
   297 | D:1      | Reached XP level 2. HP: 23/24 MP: 2/2
   710 | D:1      | Reached XP level 3. HP: 27/29 MP: 3/3
  1083 | D:2      | Learned a level 1 spell: Beastly Appendage
  1114 | D:2      | Noticed Terence
  1168 | D:2      | Killed Terence
  1168 | D:2      | Reached XP level 4. HP: 13/35 MP: 4/4
  1561 | D:2      | Reached skill level 1 in Unarmed Combat
  1561 | D:2      | Reached skill level 1 in Transmutations
  1640 | D:2      | Reached skill level 1 in Spellcasting
  1695 | D:2      | Noticed Sigmund
  1711 | D:2      | Killed Sigmund
  1711 | D:2      | Reached XP level 5. HP: 30/39 MP: 4/8
  1711 | D:2      | Reached XP level 6. HP: 35/45 MP: 4/9
  1765 | D:2      | Learned a level 2 spell: Sticks to Snakes
  2264 | D:3      | Noticed a phantom
  2350 | D:3      | Killed a phantom
  2891 | D:3      | Noticed Blork the orc
  2912 | D:3      | Found a deep blue altar of Sif Muna.
  3118 | D:4      | Noticed an ice beast
  3120 | D:4      | Found a runed gate.
  3120 | D:4      | Found a runed gate.
  3120 | D:4      | Found a runed gate.
  3121 | D:4      | Noticed BigBall's ghost (amateur OpTm)
  3268 | D:4      | Reached XP level 7. HP: 50/50 MP: 11/11
  3515 | D:4      | Learned a level 4 spell: Ice Form
  3856 | D:4      | Reached skill level 1 in Ice Magic
  4075 | D:4      | Found Tuopink's Assorted Antiques.
  4083 | D:4      | Bought 3 scrolls labeled IROERYMONI for 69 gold pieces
  4083 | D:4      | Bought a scroll labeled PIGGOWN TI CET for 23 gold pieces
  4083 | D:4      | Bought a potion of heal wounds for 115 gold pieces
  4454 | D:5      | Entered Level 5 of the Dungeon
  4914 | D:4      | Reached XP level 8. HP: 21/55 MP: 12/12
  5162 | D:5      | Found a large runed door.
  5163 | D:5      | Found a large runed door.
  5193 | D:5      | Found a large runed door.
  5193 | D:5      | Found a large runed door.
  5471 | D:5      | Reached skill level 5 in Unarmed Combat
  5471 | D:5      | Reached skill level 5 in Transmutations
  6071 | D:5      | HP: 3/66 [something (3)]
  6073 | D:5      | Killed from afar by an orc wizard

Vault maps used:
D:1:      ebering_trefoil_twist, kennysheep_another_room
D:2:      uniq_terence, uniq_sigmund
D:3:      first_ration, tgw_sif
D:4:      gammafunk_ghost_split, serial_shops, shop, kennysheep_generic_room_14,
          uniq_blork_the_orc
D:5:      serial_shops, shop, st_stairs_7, minmay_hollow_rounded_squares

Skill      XL: |  1  2  3  4  5  6  7  8 |
---------------+-------------------------+-----
Stealth        | 2 3 4 |  4.2
Unarmed Combat | 2 3 4 5 |  5.9
Transmutations | 2 3 4 5 |  5.0
Spellcasting   | 2 3 |  3.0
Ice Magic      | 2 3 |  3.0
Fighting       | |  5.0
Axes           | |  3.0
Shields        | |  1.0
Evocations     | |  1.1

Action                   |  1- 3 |  4- 6 |  7- 9 || total
-------------------------+-------+-------+-------++-------
Melee: Hand axe          |    52 |    76 |    97 ||   225
       Constrict         |     7 |    15 |    20 ||    42
       Tentacles         |     6 |    14 |    22 ||    42
       Kick              |     2 |     5 |    15 ||    22
       Dagger            |       |     3 |       ||     3
       Punch             |       |       |     3 ||     3
       Unarmed           |       |       |    14 ||    14
 Cast: Beastly Appendage |     1 |     4 |     8 ||    13
       Sticks to Snakes  |       |     6 |     4 ||    10
       Ice Form          |       |       |     3 ||     3
  Use: Scroll            |       |     6 |     7 ||    13
       Potion            |       |     1 |     1 ||     2
 Stab: Sleeping          |     6 |     7 |     5 ||    18
  Eat: Chunk             |     1 |     7 |     6 ||    14
       Ration            |       |       |     1 ||     1
Armor: Skin              |     1 |    15 |    19 ||    35
Dodge: Dodged            |    24 |    35 |    59 ||   118

Table legend:
 A = Non-vault XP
 B = Vault XP
 C = Vault XP percentage of total XP
 D = Non-vault monster count
 E = Vault monster count
 F = Vault count percentage of total count
                 A         B        C        D         E       F
            +---------+---------+-------+---------+---------+-------
      Total |    1239 |     520 |  29.6 |      92 |       8 |   8.0
            +---------+---------+-------+---------+---------+-------
        D:1 |      46 |       0 |   0.0 |      23 |       0 |   0.0
        D:2 |      33 |     263 |  88.9 |      13 |       2 |  13.3
        D:3 |     160 |       0 |   0.0 |      16 |       0 |   0.0
        D:4 |     555 |       2 |   0.4 |      19 |       1 |   5.0
        D:5 |     445 |     255 |  36.4 |      21 |       5 |  19.2
            +---------+---------+-------+---------+---------+-------
